 Dungeon Crawl Stone Soup version 0.19.5 (console) character file.

2288 Grinner the Covert (level 9, -8/81 HPs)
             Began as an Octopode Assassin on Mar 9, 2017.
             Was a Believer of Dithmenos.
             Mangled by Deviant's ghost (13 damage)
             ... on level 7 of the Dungeon.
             The game lasted 00:13:05 (5041 turns).

Grinner the Covert (Octopode Assassin)              Turns: 5041, Time: 00:13:05

Health: -8/81      AC:  1    Str: 16 (18) XL:     9   Next: 39%
Magic:  9/9        EV: 16    Int: 12 (13) God:    Dithmenos [**....]
Gold:   278        SH:  8    Dex: 16 (19) Spells: 2 memorised, 4 levels left

rFire  . . .     SeeInvis .     a - +2 dagger (protect)
rCold  + . .     Gourm    .     A - +0 buckler (curse)
rNeg   . . .     Faith    .     (helmet restricted)
rPois  .         Spirit   .     z - +3 amulet of reflection
rElec  .         Reflect  +     v - +3 ring of dexterity
rCorr  .         Harm     .     F - ring of protection from cold
MR     .....                    (no ring)
Stlth  ..........               (no ring)
                                (no ring)
                                (no ring)
                                (no ring)
                                (no ring)

@: berserking, flying, wreathed by umbra, very quick
A: almost no armour, stealthy swim, amphibious, 8 rings, constrict 8, camouflage
1, agile 1, gelatinous body 1
a: Shadow Step, Renounce Religion


You were on level 7 of the Dungeon.
You worshipped Dithmenos.
Dithmenos was pleased with you.
You were very hungry.

You visited 1 branch of the dungeon, and saw 7 of its levels.

You collected 278 gold pieces.

Inventory:

Hand Weapons
 a - a +2 dagger of protection (weapon)
 b - a +0 blowgun
Missiles
 c - 32 poisoned needles
 d - 2 curare-tipped needles
Armour
 A - a cursed +0 buckler (worn)
Jewellery
 v - a +3 ring of dexterity (left tentacle)
 z - a +3 amulet of reflection (around mantle)
 F - a ring of protection from cold (right tentacle)
Wands
 g - a wand of paralysis (14/24)
Scrolls
 i - 5 scrolls of remove curse
 m - 2 scrolls of enchant armour {unknown}
 n - 6 scrolls of identify {unknown}
 o - 2 scrolls of fog {unknown}
 q - 2 scrolls of immolation {unknown}
 w - 5 scrolls of teleportation {unknown}
 y - a scroll of noise {unknown}
 C - a scroll of brand weapon {unknown}
Potions
 l - a potion of haste {unknown}
 u - 3 potions of curing
Books
 D - a book of Frost

   Spells                             Type                      Level
   a - Freeze                         Ice                          1
   b - Throw Frost                    Conjuration/Ice              2
   c - Ozocubu's Armour               Charms/Ice                   3
   d - Throw Icicle                   Conjuration/Ice              4
   e - Summon Ice Beast               Ice/Summoning                4
 E - a book of Beasts

   Spells                             Type                      Level
   a - Summon Butterflies             Summoning                    1
   b - Call Canine Familiar           Summoning                    3
   c - Summon Ice Beast               Ice/Summoning                4
   d - Summon Mana Viper              Hexes/Summoning              5
   e - Summon Hydra                   Summoning                    7
Comestibles
 f - 4 bread rations
 h - 9 meat rations
 p - 4 fruits
 t - a beef jerky
 x - 2 royal jellies


   Skills:
 - Level 2.0 Fighting
 * Level 6.7 Short Blades
 - Level 2.0 Throwing
 + Level 4.8 Dodging
 * Level 10.7 Stealth
 * Level 4.7 Shields
 + Level 2.4 Charms
 + Level 2.6 Ice Magic


You had 4 spell levels left.
You knew the following spells:

 Your Spells              Type           Power        Failure   Level  Hunger
a - Ozocubu's Armour      Chrm/Ice       #.......     34%         3    ####...
b - Summon Butterflies    Summ           #.......     34%         1    ##.....


Dungeon Overview and Level Annotations

Branches:
Dungeon (7/15)             Temple (0/1) D:5

Altars:
Dithmenos
Makhleb
Nemelex Xobeh
Xom

Annotations:
D:7 Deviant's ghost, novice DsGl


Innate Abilities, Weirdness & Mutations

You cannot wear most types of armour.
You are very stealthy in the water. (Stealth+)
You are amphibious.
You can wear up to eight rings at the same time.
You can use your tentacles to constrict eight enemies at once.
Your skin changes colour to match your surroundings (Stealth+).
Your rubbery body absorbs attacks. (AC +1, EV +1)
You are agile. (Dex +2)


Message History

You are no longer poisoned.
You start resting.
You hear the faint creaking of a portcullis nearby.
You start resting.
Deviant's ghost (novice Demonspawn Gladiator) comes into view.
It was a potion of degeneration.
There was something very wrong with that liquid.
You feel weakened.
You feel dopey.
You feel clumsy.
Deviant's ghost turns its malevolent gaze towards you.
You hear the faint creaking of a portcullis nearby.
It was a potion of flight.
You feel very buoyant.
You fly up into the air.
A red film seems to cover your vision as you go berserk!
You feel yourself moving faster!
You feel mighty! Deviant's ghost hits you!
* * * LOW HITPOINT WARNING * * *
You closely miss Deviant's ghost.
Deviant's ghost whispers, "There is no future for you."
Deviant's ghost hits you!
You die...

..#######
.......$#
.......@#
#.....†W..#
####.......#
#.........#
#.....#####
#...### ....
##...


You could see Deviant's ghost.

Vanquished Creatures
  The ghost of Psyclone the Destroyer, a novice DEFE of Vehumet (D:6)
  Prince Ribbit (D:5)
  Eustachio (D:6)
  3 phantoms
  3 ogres
  A bullfrog (D:6)
  2 scorpions (D:5)
  4 killer bees (D:7)
  A hound (D:6)
  2 orc priests (D:5)
  6 orc wizards
  An iguana (D:6)
  4 worker ants
  A killer bee zombie (D:6)
  Robin (D:4)
  3 gnolls (D:6)
  9 adders
  A shadow imp (D:6)
  4 adder skeletons
  3 worms
  7 dart slugs
  A leopard gecko (D:2)
  20 orcs
  A ball python (D:2)
  5 giant cockroaches
  17 goblins
  6 hobgoblins
  7 jackals
  2 quokkas
  7 bats
  4 frilled lizards
  8 kobolds
  A leopard gecko zombie (D:7)
  2 quokka skeletons
  6 rats
146 creatures vanquished.

Vanquished Creatures (others)
  4 toadstools (D:1)
4 creatures vanquished.

Grand Total: 150 creatures vanquished

Notes
Turn   | Place    | Note
-------+----------+-------------------------------------------
     0 | D:1      | Grinner the Octopode Assassin began the quest for the Orb.
     0 | D:1      | Reached XP level 1. HP: 14/14 MP: 1/1
   368 | D:1      | Reached XP level 2. HP: 18/19 MP: 2/2
   414 | D:1      | You fall through a shaft!
   732 | D:1      | Reached XP level 3. HP: 24/24 MP: 3/3
   870 | D:1      | Reached skill level 6 in Stealth
  1222 | D:2      | Reached XP level 4. HP: 29/29 MP: 4/4
  1404 | D:3      | Found a faded altar of an unknown god.
  1692 | D:3      | Reached skill level 7 in Stealth
  1730 | D:3      | Reached XP level 5. HP: 34/34 MP: 5/5
  2086 | D:4      | Reached XP level 6. HP: 24/39 MP: 6/6
  2157 | D:4      | Noticed Robin
  2178 | D:4      | Killed Robin
  2178 | D:4      | Reached skill level 8 in Stealth
  2672 | D:4      | Noticed a phantom
  2828 | D:4      | Killed a phantom
  2928 | D:4      | Found a shadowy altar of Dithmenos.
  2936 | D:4      | Became a worshipper of Dithmenos the Shadowed
  2973 | D:5      | Entered Level 5 of the Dungeon
  2984 | D:5      | Reached XP level 7. HP: 45/45 MP: 7/7
  2999 | D:5      | Reached skill level 1 in Shields
  3016 | D:5      | Found a staircase to the Ecumenical Temple.
  3025 | D:5      | Reached skill level 5 in Short Blades
  3031 | D:5      | Reached skill level 9 in Stealth
  3142 | D:5      | Learned a level 3 spell: Ozocubu's Armour
  3190 | D:5      | Learned a level 1 spell: Summon Butterflies
  3458 | D:5      | Reached XP level 8. HP: 50/50 MP: 8/8
  3536 | D:5      | Reached * piety under Dithmenos
  3643 | D:5      | Reached skill level 1 in Ice Magic
  3710 | D:5      | Found a sparkling altar of Nemelex Xobeh.
  3710 | D:5      | Found a faded altar of an unknown god.
  3715 | D:5      | Found a faded altar of an unknown god.
  3716 | D:5      | Noticed Prince Ribbit
  3717 | D:5      | Found a shimmering altar of Xom.
  3718 | D:5      | Found a burning altar of Makhleb.
  3721 | D:5      | Killed Prince Ribbit
  3721 | D:5      | Reached skill level 1 in Charms
  4209 | D:6      | Noticed Psyclone's ghost (novice DEFE)
  4213 | D:6      | Gained mutation: You are agile. (Dex +2) [potion of beneficial mutation]
  4227 | D:6      | Killed Psyclone's ghost
  4227 | D:6      | Reached skill level 10 in Stealth
  4227 | D:6      | Reached XP level 9. HP: 54/54 MP: 9/9
  4235 | D:6      | Noticed Eustachio
  4271 | D:6      | Killed Eustachio
  4937 | D:7      | Reached ** piety under Dithmenos
  5034 | D:7      | Noticed Deviant's ghost (novice DsGl)
  5041 | D:7      | Mangled by Deviant's ghost

Skill      XL: |  1  2  3  4  5  6  7  8 |
---------------+-------------------------+-----
Stealth        | 6 7 8 9 10 | 10.7
Short Blades   | 3 4 5 6 |  6.7
Dodging        | 2 3 4 |  4.8
Shields        | 2 4 |  4.7
Ice Magic      | 2 |  2.6
Charms         | 2 |  2.4
Fighting       | |  2.0
Throwing       | |  2.0

Action                   |  1- 3 |  4- 6 |  7- 9 || total
-------------------------+-------+-------+-------++-------
Melee: Dagger            |    63 |   169 |   205 ||   437
       Constrict         |    20 |    39 |    31 ||    90
       Tentacles         |     9 |    36 |    39 ||    84
  Use: Scroll            |       |     1 |       ||     1
       Potion            |       |     1 |     8 ||     9
 Stab: Sleeping          |    10 |    14 |     9 ||    33
       Distracted        |       |       |     1 ||     1
  Eat: Chunk             |     1 |     5 |     6 ||    12
Armor: Skin              |    13 |    41 |    83 ||   137
Dodge: Dodged            |    45 |    97 |    98 ||   240
Block: Other             |       |    14 |       ||    14
       Buckler           |       |       |    96 ||    96
